 Dungeon Crawl Stone Soup version 0.17-a0-1397-g0eee0a3 (webtiles) character file.

19565 Quirk the Covert (level 12, -4/76 HPs)
             Began as a Gargoyle Fighter on June 17, 2015.
             Was an Elder of Dithmenos.
             Slain by a wyvern (11 damage)
             ... on level 4 of the Lair of Beasts.
             The game lasted 01:03:11 (13285 turns).

Quirk the Covert (Gargoyle Fighter)                Turns: 13285, Time: 01:03:11

Health: -4/76      AC: 19    Str: 27    XL:     12   Next: 70%
Magic:  25/25      EV: 14    Int:  9    God:    Dithmenos [****..]
Gold:   808        SH: 14    Dex: 17    Spells: 2 memorised, 4 levels left

rFire  + + +     SeeInvis +     E - +2 whip of Wondrous Power {slash, *Corrode rElec rF+++ Int+3}
rCold  . . .     Clarity  .     J - +1 ring mail of the Wishes {rF++ MP+9 Str+3 Int-3}
rNeg   + + +     SustAt   .     c - +1 shield
rPois  ∞         Gourm    .     l - +0 helmet of Tiarghiec {rN+ Regen+ Dex+3}
rElec  +         Spirit   .     (no cloak)
rCorr  .         Warding  .     X - +0 pair of gloves
rMut   +         Stasis   .     (no boots)
MR     .....                    n - amulet of resist mutation
Stlth  +++++++...               D - ring "Tova" {rN+ Dex+4 Slay+2 SInv}
                                A - ring of stealth

@: wreathed by umbra, not resistant to hostile enchantments, extremely stealthy
A: negative energy resistance 1, electricity resistance, unbreathing,
petrification resistance, rot immunity, AC +8
a: Shadow Step, Renounce Religion


You were on level 4 of the Lair of Beasts.
You worshipped Dithmenos.
Dithmenos was greatly pleased with you.
You were hungry.

You visited 3 branches of the dungeon, and saw 15 of its levels.
You also visited: Labyrinth.

You collected 808 gold pieces.

Inventory:

Hand weapons
 E - the +2 whip of Wondrous Power (weapon) {slash, *Corrode rElec rF+++ Int+3}
   (You found it on level 5 of the Dungeon)

   It inflicts extra damage upon your enemies.
   It affects your intelligence (+3).
   It renders you almost immune to fire.
   It insulates you from electricity.
   It may corrode your equipment when you take damage.
Missiles
 B - 26 tomahawks (quivered)
Armour
 c - a +1 shield (worn)
 l - the +0 helmet of Tiarghiec (worn) {rN+ Regen+ Dex+3}
   (You took it off Robin on level 2 of the Dungeon)

   It affects your dexterity (+3).
   It protects you from negative energy.
   It increases your rate of regeneration.
 J - the +1 ring mail of the Wishes (worn) {rF++ MP+9 Str+3 Int-3}
   (You found it on level 6 of the Dungeon)

   It affects your strength (+3).
   It affects your intelligence (-3).
   It greatly protects you from fire.
   It affects your magic capacity (+9).
 X - a +0 pair of gloves (worn)
Rods
 W - a +0 lightning rod (13/13)
   (You found it on level 2 of the Lair of Beasts)
Jewellery
 n - an amulet of resist mutation (around neck)
 s - an uncursed amulet of clarity
 w - an uncursed ring of magical power
 z - an uncursed ring of sustain attributes
 A - a ring of stealth (left hand)
 D - the ring "Tova" (right hand) {rN+ Dex+4 Slay+2 SInv}
   (You found it on level 4 of the Dungeon)

   [ring of see invisible]

   It affects your dexterity (+4).
   It affects your accuracy and damage with ranged weapons and melee attacks
   (+2).
   It protects you from negative energy.
   It lets you see invisible.
 Y - an uncursed ring of protection from cold
Magical devices
 K - a wand of cold (6)
 M - a wand of teleportation (3)
 Q - a wand of polymorph (13)
 R - a wand of slowing (20)
 S - a wand of digging (7)
 T - a wand of magic darts (32)
 U - a wand of digging (14)
 V - a wand of cold (11)
Scrolls
 b - a scroll of magic mapping
 h - 2 scrolls of enchant armour
 j - a scroll of identify
 p - a scroll of blinking
 t - a scroll of fear
 x - 4 scrolls of remove curse
 F - 3 scrolls of enchant weapon
Potions
 d - 2 potions of resistance
 f - 5 potions of agility
 g - 2 potions of haste
 i - 5 potions of curing
 o - a potion of heal wounds
 q - 3 potions of cancellation {unknown}
 u - a potion of mutation {unknown}
 C - 2 potions of magic {unknown}
 G - a potion of degeneration {unknown}
 I - 2 potions of invisibility {unknown}
 L - 2 potions of beneficial mutation {unknown}
 N - a potion of lignification {unknown}
 Z - a potion of berserk rage {unknown}
Books
 P - an Akashic Record {highlevel, unknown}

   This book is beyond your current level of understanding.

   Spells                             Type                      Level
   a - Dispersal                      Translocation                6
   b - Controlled Blink               Translocation                7
   c - Malign Gateway                 Summoning/Translocation      7
   d - Disjunction                    Translocation                8
   e - Singularity                    Translocation                9
Miscellaneous
 v - a lantern of shadows
 O - a plain deck of escape
Comestibles
 a - 4 chunks of flesh
 e - 10 bread rations
 k - 9 fruits
 r - 5 royal jellies
 H - 4 slices of pizza


   Skills:
 + Level 9.2 Fighting
 + Level 8.0 Maces & Flails
 + Level 9.3 Armour
 + Level 6.4 Dodging
 * Level 9.9 Stealth
 + Level 9.3 Shields
 + Level 3.0 Spellcasting
 * Level 5.9 Hexes


You had 4 spell levels left.
You knew the following spells:

 Your Spells              Type           Power        Failure   Level  Hunger
a - Darkness              Hex            ##........   100%        7    #######
b - Invisibility          Hex            ##......     100%        6    #######


Dungeon Overview and Level Annotations

Branches:
Dungeon (10/15)            Temple (1/1) D:7            Lair (4/8) D:10
    Orc (0/4) D:10
  Swamp: Lair:3-6    Shoals: Lair:3-6     Snake: Lair:3-6    Spider: Lair:3-6

Altars:
Ashenzari
Cheibriados
Dithmenos
Elyvilon
Fedhas
Gozag
Kikubaaqudgha
Makhleb
Nemelex Xobeh
Okawaru
Qazlal
Ru
Sif Muna
Trog
Vehumet
Xom
Yredelemnul
Zin
The Shining One

Annotations:
D:8 exclusions: ice statue and obsidian statue
Lair:3 exclusion: oklob plant
Lair:4 exclusion: oklob plant


Innate Abilities, Weirdness & Mutations

You are resistant to torment.
Your stone body is resilient (AC +8).
You are immune to poison.
You resist negative energy.
You are resistant to electric shocks.
You can survive without breathing.
You are immune to petrification.
You are immune to rotting.


Message History

The fire drake is severely wounded.
The fire drake breathes flames at you. The blast of flame hits you! You resist.
* * * LOW HITPOINT WARNING * * *
You whack the fire drake!
You kill the fire drake!
Dithmenos accepts your kill.
Dithmenos appreciates your extinguishing a source of fire.
Your shadow now sometimes tangibly mimics your actions.
Your Spellcasting skill increases to level 3!
The wyvern hisses menacingly.
You hit the wyvern.
The wyvern is lightly wounded.
You are feeling hungry.
The wyvern bites you!
* * * LOW HITPOINT WARNING * * *
You hit the wyvern but do no damage.
The wyvern is lightly wounded.
The wyvern bites you!
You die...

#.## ...##.# ...
PP...#### #.. #.#
####....#... #..
#.###.##...ll..$ #..
##.P.....<...# #..
### ##............#
##.
##.###P..#.#.....P##
#..
##........#l####..##
#.. #(.##P#.###@#
##..# #####..
#..P##### #<#
#.####...P.. ##..#
#[## #.P#...<....
#..## #.P#
#........... ##.##
#..# #####.......
##..### #..#####
##...#.. #.....##
#...#P.####.#<##.#
##.#...#
#.)...)........#.P
####.##
#.......##.####...


You could see a wyvern.

Vanquished Creatures
  A minotaur (Lab)
  Josephine (Lair:4)
  3 hydras
  An unseen horror (D:9)
  5 spiny frogs
  A black mamba (Lair:3)
  5 komodo dragons
  3 fire drakes
  2 trolls (D:10)
  Grinder (D:3)
  5 blink frogs
  3 yaks (D:9)
  A shadow (Lab)
  4 wraiths (Lair:4)
  2 basilisks (Lair:3)
  6 wyverns
  7 hippogriffs
  Grum (D:7)
  4 hungry ghosts
  A fire elemental (Lair:3)
  2 wolves (D:7)
  5 ice beasts
  An orc warrior (D:3)
  2 hell hounds
  3 porcupines (Lair:3)
  A phantom (D:7)
  8 water moccasins
  4 ogres
  3 centaurs
  4 crocodiles
  A big kobold (D:7)
  2 gnoll sergeants
  9 giant frogs
  5 scorpions
  A spriggan skeleton (D:9)
  3 wights (D:6)
  2 crimson imps
  3 jellies
  3 hounds
  5 orc priests
  7 orc wizards
  A centaur skeleton (D:9)
  A giant frog skeleton (D:7)
  Jessica (D:2)
  A gnoll shaman (D:7)
  8 iguanas
  A killer bee zombie (D:5)
  7 worker ants
  8 sheep (Lair:4)
  A hound skeleton (D:6)
  2 worker ant zombies
  Robin (D:2)
  13 gnolls
  19 river rats (Lair:3)
  8 adders
  3 shadow imps
  4 oozes
  An adder zombie (D:6)
  3 worms
  6 giant geckos
  43 orcs
  16 bats
  A bat skeleton (D:4)
  5 giant cockroaches
  16 goblins
  13 hobgoblins
  5 jackals
  30 kobolds
  4 quokkas
  3 ball pythons
  5 giant newts
  13 rats
374 creatures vanquished.

Vanquished Creatures (others)
  A giant cockroach (D:3)
1 creature vanquished.

Grand Total: 375 creatures vanquished

Notes
Turn   | Place    | Note
--------------------------------------------------------------
     0 | D:1      | Quirk the Gargoyle Fighter began the quest for the Orb.
     0 | D:1      | Reached XP level 1. HP: 14/14 MP: 1/1
   291 | D:1      | Reached XP level 2. HP: 17/19 MP: 2/2
   829 | D:2      | Reached skill level 1 in Stealth
   829 | D:2      | Reached XP level 3. HP: 23/23 MP: 3/3
   943 | D:2      | Noticed Robin
   951 | D:2      | Reached skill level 1 in Dodging
   964 | D:2      | Killed Robin
   973 | D:2      | Got a spiked helmet
   983 | D:2      | Identified the cursed +0 helmet of Tiarghiec {rN+ Regen+ Dex+3} (You took it off Robin on level 2 of the Dungeon)
  1239 | D:2      | Reached XP level 4. HP: 28/28 MP: 4/4
  1478 | D:2      | Noticed Jessica
  1500 | D:2      | Killed Jessica
  1659 | D:2      | Found a deep blue altar of Sif Muna.
  2109 | D:3      | Reached XP level 5. HP: 33/33 MP: 5/5
  2324 | D:3      | Noticed Grinder
  2333 | D:3      | Paralysed by Grinder for 3 turns
  2346 | D:3      | Paralysed by Grinder for 4 turns
  2366 | D:3      | Killed Grinder
  2366 | D:3      | Reached skill level 4 in Fighting
  2366 | D:3      | Reached XP level 6. HP: 17/39 MP: 6/6
  2486 | D:3      | Found an ancient bone altar of Kikubaaqudgha.
  2529 | D:3      | Found a sparkling altar of Nemelex Xobeh.
  2576 | D:3      | Found a stormy altar of Qazlal.
  2999 | D:3      | Reached XP level 7. HP: 22/44 MP: 7/7
  3207 | D:3      | Reached skill level 5 in Shields
  3317 | D:4      | Found a deep blue altar of Sif Muna.
  3401 | D:4      | Found a basalt altar of Yredelemnul.
  3408 | D:4      | Got a smoking brass ring
  3410 | D:4      | Identified the ring "Tova" {rN+ Dex+4 Slay+2 SInv} (You found it on level 4 of the Dungeon)
  3449 | D:5      | Entered Level 5 of the Dungeon
  3496 | D:3      | Reached skill level 5 in Fighting
  3718 | D:4      | Reached XP level 8. HP: 30/49 MP: 8/8
  3728 | D:4      | Reached skill level 5 in Armour
  4081 | D:5      | Got a translucent whip
  4082 | D:5      | Identified the +2 whip of Wondrous Power {slash, *Corrode rElec rF+++ Int+3} (You found it on level 5 of the Dungeon)
  4192 | D:5      | Got a brightly glowing quarterstaff
  5081 | D:6      | Reached skill level 5 in Stealth
  5081 | D:6      | Reached skill level 6 in Shields
  5125 | D:6      | Got a warped ring mail
  5140 | D:6      | Reached XP level 9. HP: 55/55 MP: 9/9
  5158 | D:6      | Identified the cursed +1 ring mail of the Wishes {rF++ MP+9 Str+3 Int-3} (You found it on level 6 of the Dungeon)
  5369 | D:6      | Found a glowing golden altar of the Shining One.
  5612 | D:7      | Reached skill level 5 in Maces & Flails
  5629 | D:7      | Found a sacrificial altar of Ru.
  5754 | D:7      | Found a staircase to the Ecumenical Temple.
  5782 | Temple   | Entered the Ecumenical Temple
  5936 | D:7      | Found a shimmering altar of Xom.
  6171 | D:7      | Found a shadowy altar of Dithmenos.
  6179 | D:7      | Became a worshipper of Dithmenos the Shadowed
  6659 | D:8      | Noticed Grum
  6734 | D:7      | Reached skill level 7 in Fighting
  6758 | D:7      | Killed Grum
  6758 | D:7      | Reached XP level 10. HP: 46/63 MP: 10/10
  6896 | D:8      | Noticed an obsidian statue
  6982 | D:8      | Identified the +8 quarterstaff of Ycuy {flame, rC++} (You found it on level 5 of the Dungeon)
  7361 | D:8      | Noticed an ice statue
  7564 | D:8      | Learned a level 7 spell: Darkness
  7948 | D:9      | Reached skill level 1 in Hexes
  8239 | D:9      | Noticed an unseen horror
  8240 | D:9      | Found a runed door.
  8262 | D:9      | Killed an unseen horror
  8262 | D:9      | Reached skill level 5 in Dodging
  8314 | D:9      | Acquired Dithmenos's first power
  8640 | D:10     | Entered Level 10 of the Dungeon
  8640 | D:10     | Found a staircase to the Orcish Mines.
  8640 | D:10     | Found a staircase to the Lair.
  8772 | D:10     | Found a shattered altar of Ashenzari.
  8847 | D:10     | Reached skill level 8 in Shields
  8865 | D:10     | Reached XP level 11. HP: 57/68 MP: 11/11
  8946 | D:10     | Noticed a hill giant
  8948 | D:10     | Noticed a hill giant
  8961 | Lair:1   | Entered Level 1 of the Lair of Beasts
 10037 | Lair:2   | Reached skill level 1 in Spellcasting
 10132 | Lair:2   | Found a labyrinth entrance.
 10141 | Lab      | Entered a labyrinth
 10358 | Lab      | Noticed a minotaur
 10401 | Lab      | Killed a minotaur
 10627 | Lair:2   | Noticed a five-headed hydra
 10649 | Lair:2   | Killed a five-headed hydra
 11487 | Lair:3   | Learned a level 6 spell: Invisibility
 11608 | Lair:3   | Acquired Dithmenos's second power
 11857 | Lair:3   | Reached skill level 9 in Stealth
 11874 | Lair:3   | Reached XP level 12. HP: 55/75 MP: 15/15
 12539 | Lair:4   | Noticed Josephine
 12569 | Lair:4   | Killed Josephine
 12569 | Lair:4   | Reached skill level 5 in Hexes
 12689 | Lair:4   | Noticed a six-headed hydra
 12696 | Lair:4   | Noticed a four-headed hydra
 12737 | Lair:4   | Noticed a six-headed hydra
 12779 | Lair:3   | Killed a six-headed hydra
 12903 | Lair:3   | Killed a six-headed hydra
 13219 | Lair:3   | HP: 2/76 [four-headed hydra (6)]
 13283 | Lair:4   | Acquired Dithmenos's third power
 13285 | Lair:4   | Slain by a wyvern

Vault maps used:
D:1:      saegor_arrival_simple_c
D:2:      minmay_door_path, led_sif_pool, uniq_robin, uniq_jessica
D:3:      kiku_gazebo_garden_becter, grunt_qazlal_clouds, first_bread,
          nemelex_xobeh_ov_fountains_minmay, uniq_grinder
D:4:      nicolae_overflow_hidden_temple
D:5:      grunt_ministairs_13
D:6:      nicolae_tso_swordbearing_angel
D:7:      nicolae_ru_awakened_eye, xom_butterflies, grunt_dithmenos_shadows,
          minmay_temple_entry_mist
D:8:      minmay_separated_statues, uniq_grum
D:9:      hangedman_tell_no_tales
D:10:     minmay_quarter_circles, orc_0_dummy, serial_shops, shop,
          serial_column_ruins, column_ruins_columns_plus, column_ruins_grid_1,
          column_ruins_open_tiny, grunt_decor_mini_mirrors,
          evilmike_ruin_ashenzari
Temple:   triangle_lava_temple_12
Lair:2:   lab_entry_generic
Lair:3:   minmay_lair_oklob_tunnel
Lair:4:   special_room, eino_small_chamber_without_monster, uniq_josephine
Lab:      labyrinth_watery, nicolae_lab_stuck, nicolae_lab_garden,
          nicolae_lab_big_swirl, labyrinth_skeletal_remains, nicolae_lab_grate

Action                   |  1- 3 |  4- 6 |  7- 9 | 10-12 || total
-------------------------+-------+-------+-------+-------++-------
Melee: Flail             |   122 |   148 |       |       ||   270
       Whip              |       |     8 |   698 |  1179 ||  1885
Throw: Tomahawk          |       |       |       |     2 ||     2
Evoke: Wand              |       |       |       |     1 ||     1
  Use: Scroll            |       |     4 |     9 |    13 ||    26
       Potion            |       |     1 |     1 |     4 ||     6
 Stab: Sleeping          |       |       |     4 |    21 ||    25
       Distracted        |       |       |       |     3 ||     3
  Eat: Chunk             |     1 |     6 |    13 |    17 ||    37
       Meat ration       |       |       |       |     1 ||     1
       Beef jerky        |       |       |       |     2 ||     2
       Royal jelly       |       |       |       |     1 ||     1
